Map: Inside and Out

Players

MattBarry - Winner!

  • Race: Zerg Zerg
  • League: Silver
  • Spawn Location: 1:00

gyeong

  • Race: Terran Terran
  • Spawn Location: 7:00

VOD

Have the link to the VOD?

Description

Time

  • Played on: Jan. 19, 2023, 12:29 a.m.
  • Length: 3:14
Show
View Real Time Build Order
Export as new Build Order

MattBarry Zerg - Winner!

Build Orders: Pool First 

Get SALT Encoding   

  12  0:01  Drone  
  13  0:14  Drone  
  13  0:18  Extractor  
  13  0:19  Overlord  
  13  0:38  Spawning Pool  
  13  0:40  Drone  
  13  0:45  Drone  
  14  0:51  Drone  
  15  1:05  Drone  
  16  1:25  Zergling x2  
  17  1:26  Zergling x4  
  17  1:28  Metabolic Boost  
  19  1:46  Hatchery  
  18  1:52  Queen  
  20  2:06  Drone  
  20  2:07  Zergling x2, Overlord  
Show
View Real Time Build Order
Export as new Build Order

gyeong Terran 

Build Orders:  

Get SALT Encoding   

  12  0:08  SCV  
  13  0:20  SCV  
  14  0:37  SCV  
  15  1:06  Refinery  
  15  2:09  Supply Depot  
  15  2:27  SCV  
  5  2:39  SCV  
Tags
 
League
Silver
Matchup
TvZ
Opening
Pool First
Replay Pack
Multiplayer
Spawn Locations
Cross Positions
Add a new tag
Caveats
  • Supply blocks, unpowered buildings, or Contaminate may cause inaccurate times.
  • Supply counts are checked every 10 seconds.